 Dungeon Crawl Stone Soup version 0.28.0-62-gf88900778d (webtiles) character file.

Game seed: 3872305753380637871

3250 cbfl8 the Cleaver (level 9, -8/84 HPs)
             Began as a Minotaur Berserker on Apr 17, 2023.
             Was an Elder of Trog.
             Mangled by an ogre
             ... wielding a +0 giant club
              (10 damage)
             ... on level 7 of the Dungeon.
             The game lasted 00:06:51 (8883 turns).

cbfl8 the Cleaver (Minotaur Berserker)              Turns: 8883, Time: 00:06:52

Health: -8/84      AC: 12    Str: 24    XL:     9   Next: 67%
Magic:  17/17      EV: 10    Int:  4    God:    Trog [****..]
Gold:   318        SH:  0    Dex: 14    Spells: 8/8 levels left

rFire   + . .      SeeInvis .   a - +1 hand axe
rCold   . . .      Faith    .   (no shield)
rNeg    . . .      Spirit   .   t - +0 chain mail
rPois   .          Reflect  .   (helmet restricted)
rElec   +          Harm     .   s - +0 cloak
rCorr   .          Rampage  .   (no gloves)
Will    .....                   (no boots)
Stlth   ..........              (no amulet)
HPRegen 0.24/turn               q - ring of protection from cold
MPRegen 0.15/turn               A - ring "Ejiodergh" {Fire rElec MP+9 Str+2 Slay-6}

@: on berserk cooldown, slowed, very slow
A: horns 2, retaliatory headbutt
a: Renounce Religion, Berserk, Trog's Hand, Brothers in Arms


You were on level 7 of the Dungeon.
You worshipped Trog.
Trog was greatly pleased with you.
You visited 1 branch of the dungeon, and saw 7 of its levels.

You collected 318 gold pieces.

Inventory:

Hand Weapons
 a - a +1 hand axe (weapon)
Armour
 s - a +0 cloak (worn)
 t - a +0 chain mail (worn)
Jewellery
 q - a ring of protection from cold (left hand)
 A - the ring "Ejiodergh" (right hand) {Fire rElec MP+9 Str+2 Slay-6}
   (You found it on level 6 of the Dungeon)

   [ring of fire]

   It enhances your fire magic.
   Str:       It affects your strength (+2).
   Slay:      It affects your accuracy & damage with ranged weapons and melee
   (-6).
   rF:        It protects you from fire.
   rC:        It makes you vulnerable to cold.
   rElec:     It insulates you from electricity.
   MP:        It affects your magic capacity (+9).
Wands
 f - a wand of flame (22)
 l - a wand of mindburst (13)
 o - a wand of paralysis (11)
Scrolls
 d - 3 scrolls of teleportation
 e - a scroll of enchant weapon
 i - 3 scrolls of identify {unknown}
 j - 2 scrolls of noise {unknown}
 m - a scroll of blinking {unknown}
 v - a scroll of silence {unknown}
 w - a scroll of vulnerability {unknown}
 y - a scroll of brand weapon {unknown}
 B - a scroll of immolation {unknown}
Potions
 b - 3 potions of curing {unknown}
 c - a potion of lignification {unknown}
 g - 2 potions of ambrosia {unknown}
 h - a potion of resistance {unknown}
 k - 2 potions of magic {unknown}
 n - a potion of cancellation {unknown}
 p - a potion of haste {unknown}
 r - 3 potions of mutation {unknown}
 u - 2 potions of flight {unknown}
 x - a potion of attraction {unknown}
 z - 2 potions of degeneration {unknown}


   Skills:
 * Level 9.6 Fighting
 + Level 9.7 Axes
 + Level 7.8 Armour
 + Level 3.5 Dodging
 + Level 0.7 Stealth
 * Level 4.7 Evocations


You had 8 spell levels left.
You didn't know any spells.
Your spell library was empty.

Dungeon Overview and Level Annotations

Branches:
Dungeon (7/15)             Temple (0/1) D:6

Altars:
Dithmenos
Elyvilon
Okawaru
Ru
Vehumet
Yredelemnul

Shops:
D:3 (([   D:5 (

Annotations:
D:4 3 runed translucent doors, croobank's ghost, weakling OpDe


Innate Abilities, Weirdness & Mutations

You have a pair of horns on your head.
You reflexively headbutt those who attack you in melee.


Message History

The gnoll hits you but does no damage. x2; The gnoll closely misses you.
You closely miss the gnoll.
The gnoll is lightly wounded.
The gnoll barely misses you. You furiously retaliate!
You headbutt the gnoll, but do no damage.
The gnoll hits you from afar with a +0 halberd.
You slash the gnoll!
The gnoll is almost dead.
The gnoll completely misses you. You furiously retaliate!
You headbutt the gnoll!
You kill the gnoll!
Trog accepts your kill.
The gnoll hits you from afar with a +0 halberd.
An ogre comes into view. It is wielding a +0 giant club.
The gnoll closely misses you.
Things that are here:
a +0 halberd; a gnoll corpse You hit the gnoll.
Your headbutt misses the gnoll.
The gnoll is moderately wounded.
You hit the orc warrior but do no damage.
The gnoll closely misses you.
The orc warrior hits you with a +0 battleaxe!
The gnoll hits you with a +0 halberd.
You hit the gnoll.
The gnoll is severely wounded.
You closely miss the orc warrior. You barely miss the ogre.
The ogre closely misses you. You furiously retaliate!
You headbutt the ogre, but do no damage.
The orc warrior misses you. You furiously retaliate!
You headbutt the orc warrior. The gnoll hits you with a +0 halberd!
* * * LOW HITPOINT WARNING * * *
Okay, then.
Okay, then.
As you read the scroll labelled SAGUTO QIFE, it crumbles to dust.
It is a scroll of enchant weapon.
Your +0 hand axe glows red for a moment.
The orc warrior hits you with a +0 battleaxe!
* * * LOW HITPOINT WARNING * * *
The ogre hits you with a +0 giant club!
You die...

..... .... ...#
####...# .....P+
...P.####
#####go......
####...#@.......
#>.#)))).O....:.
###))))))'........
###...#########.....
##....## .....
#...### ♣.♣P #..##
♣.♣ ####)## ♣♣
#.....#


You could see an orc warrior, an ogre and a gnoll.

Vanquished Creatures
  Maggie (D:7)
  Grinder (D:5)
  A water moccasin (D:6)
  3 ice beasts
  An orc warrior (D:7)
  2 black bears
  The ghost of cbfl8 the Chopper, an amateur FoBe of Trog (D:6)
  6 ogres
  2 centaurs (D:7)
  A phantom (D:5)
  A kobold brigand (D:7)
  A gnoll sergeant (D:7)
  A water moccasin zombie (D:5)
  2 water moccasin skeletons
  A bullfrog zombie (D:7)
  2 hounds (D:5)
  5 gnoll shamans
  2 orc priests
  2 jellies
  2 iguanas
  A centaur skeleton (D:5)
  Terence (D:2)
  5 orc wizards
  A hound zombie (D:5)
  20 gnolls
  5 adders
  4 white imps (D:6)
  2 ufetubi
  2 worms
  3 dart slugs
  18 orcs
  6 ball pythons
  5 bats
  6 endoplasms
  4 giant cockroaches
  8 goblins
  6 hobgoblins
  A jackal (D:3)
  8 kobolds
  4 frilled lizards
  9 rats
157 creatures vanquished.

Vanquished Creatures (others)
  An orc wizard (D:7)
  2 fungi (D:7)
  3 plants (D:7)
6 creatures vanquished.

Grand Total: 163 creatures vanquished

Notes
Turn   | Place    | Note
-------+----------+-------------------------------------------
     0 | D:1      | cbfl8 the Minotaur Berserker began the quest for the Orb.
     0 | D:1      | Reached XP level 1. HP: 19/19 MP: 0/0
   241 | D:1      | Reached XP level 2. HP: 20/27 MP: 1/1
   931 | D:2      | Noticed Terence
   938 | D:2      | Killed Terence
   939 | D:2      | Reached XP level 3. HP: 20/35 MP: 2/2
   972 | D:2      | Reached ** piety under Trog
  1120 | D:2      | Reached skill level 5 in Fighting
  1342 | D:2      | Reached XP level 4. HP: 42/42 MP: 3/3
  1612 | D:2      | Identified the +1 ring mail "Ciurchai" {Harm Int+2}
  1698 | D:3      | Found Daurch's Armour Emporium.
  1746 | D:3      | Found a faded altar of an unknown god.
  1790 | D:3      | Found Woss's Weapon Emporium.
  1797 | D:3      | Found Kigiuppe's Weapon Boutique.
  1934 | D:3      | Found a sacrificial altar of Ru.
  2299 | D:3      | Found a shadowy altar of Dithmenos.
  2393 | D:3      | Reached skill level 5 in Axes
  3175 | D:4      | Noticed croobank's ghost (weakling OpDe)
  3177 | D:4      | Reached XP level 5. HP: 48/48 MP: 4/4
  3177 | D:4      | Found a runed translucent gate.
  3178 | D:4      | Found a runed translucent gate.
  3179 | D:4      | Found a runed translucent gate.
  3302 | D:4      | Reached *** piety under Trog
  3553 | D:4      | Found a basalt altar of Yredelemnul.
  3579 | D:4      | Found an iron altar of Okawaru.
  3606 | D:5      | Entered Level 5 of the Dungeon
  3606 | D:5      | Found Madyhuaz's Antique Weapon Shoppe.
  3612 | D:5      | Reached skill level 1 in Evocations
  3666 | D:5      | Noticed a phantom
  3679 | D:5      | Noticed a black bear
  3683 | D:5      | Reached XP level 6. HP: 39/57 MP: 5/5
  3967 | D:5      | Found a radiant altar of Vehumet.
  4042 | D:5      | Noticed an ice beast
  4050 | D:5      | Killed an ice beast
  4051 | D:5      | Reached XP level 7. HP: 63/63 MP: 6/6
  4257 | D:5      | Noticed Grinder
  4271 | D:5      | Killed Grinder
  4272 | D:5      | Reached skill level 5 in Armour
  4478 | D:5      | Reached XP level 8. HP: 47/73 MP: 7/7
  4932 | D:6      | Noticed cbfl8's ghost (amateur FoBe)
  5090 | D:6      | Found a runed translucent gate.
  5090 | D:6      | Found a runed translucent gate.
  5090 | D:6      | Found a runed translucent gate.
  5396 | D:6      | Found a staircase to the Ecumenical Temple.
  5834 | D:6      | Found a white marble altar of Elyvilon.
  5995 | D:6      | Killed cbfl8's ghost
  6051 | D:6      | Got the ring "Ejiodergh" {Fire rElec MP+9 Str+2 Slay-6}
  6776 | D:7      | Reached XP level 9. HP: 76/82 MP: 8/8
  8043 | D:7      | Reached **** piety under Trog
  8139 | D:7      | Noticed Maggie
  8157 | D:7      | Killed Maggie
  8883 | D:7      | HP: 2/84 [orc warrior/+0 battleaxe (13)]
  8883 | D:7      | Mangled by an ogre

Illustrated notes

Levels and vault maps discovered:
D:1:      elethiomel_arrival_maze, layout_basic
D:2:      layout_basic, uniq_terence
D:3:      minmay_octagon_keep, layout_basic, nicolae_ru_sacrificial_ziggurat,
          nicolae_dithmenos_through_a_glass_darkly,
          ebering_ecumenical_altar_mist, serial_shops,
          nicolae_shop_hallway_stairs, nicolae_shop_bloodbath_and_beyond, shop,
          minmay_pentangle
D:4:      layout_cave_pools, mainiacjoe_overflow_swirl, gammafunk_ghost_split
D:5:      layout_basic, nicolae_vehumet_radiance, serial_shops, shop,
          uniq_grinder
D:6:      layout_cave_pods, nicolae_elyvilon_peaceful_grove,
          minmay_temple_entry_statues_pillars, gammafunk_ghost_icy
D:7:      kennysheep_seaside_town, layout_loops_corners, uniq_maggie

Skill      XL: |  1  2  3  4  5  6  7  8  9 |
---------------+----------------------------+-----
Axes           | 4 5 6 7 8 9 |  9.7
Fighting       | 4 5 6 7 8 9 |  9.6
Armour         | 3 4 5 6 7 |  7.8
Evocations     | 1 2 3 4 |  4.7
Dodging        | 3 |  3.5
Stealth        | |  0.7

Action                   |  1- 3 |  4- 6 |  7- 9 || total
-------------------------+-------+-------+-------++-------
Melee: Hand axe          |    49 |   115 |   368 ||   532
       Headbutt          |     7 |    24 |    76 ||   107
       Punch             |       |     1 |     4 ||     5
Invok: Berserk           |       |     2 |     7 ||     9
       Trog's Hand       |       |       |     1 ||     1
  Use: Scroll            |       |       |     2 ||     2
Armor: Animal skin       |     9 |       |       ||     9
       Ring mail         |       |    23 |       ||    23
       Chain mail        |       |    51 |   169 ||   220
Dodge: Dodged            |    28 |    56 |   156 ||   240
